 Dungeon Crawl Stone Soup version 0.30-a0-475-g03497ec522 (webtiles) character file.

Game seed: 741275201475429300

67 karrick the Covered (level 4, 0/29 HPs)
             Began as a Gargoyle Fighter on Dec 20, 2022.
             Slain by Jessica
             ... wielding a +0 club
              (4 damage)
             ... on level 2 of the Dungeon.
             The game lasted 00:01:19 (1145 turns).

karrick the Covered (Gargoyle Fighter)              Turns: 1145, Time: 00:01:20

Health: 0/29       AC: 10    Str: 19    XL:     4   Next: 16%
Magic:  4/4        EV:  9    Int:  9    God:
Gold:   71         SH:  4    Dex: 11    Spells: 3/3 levels left

rFire   . . .      SeeInvis .    a - +0 flail
rCold   . . .      Faith    .    c - +0 buckler
rNeg    + . .      Spirit   .    b - +0 scale mail
rPois   ∞          Reflect  .    (no helmet)
rElec   +          Harm     .    (no cloak)
rCorr   .          Rampage  .    (no gloves)
Will    .....                    (no boots)
Stlth   ..........               (no amulet)
HPRegen 0.24/turn                (no ring)
MPRegen 0.09/turn                (no ring)

@: slowed, very slow
A: sickness immunity, AC +3, negative energy resistance 1, electricity
resistance, torment resistance 1, petrification resistance
a: no special abilities


You were on level 2 of the Dungeon.
You visited 1 branch of the dungeon, and saw 2 of its levels.

You collected 71 gold pieces.

Inventory:

Hand Weapons
 a - a +0 flail (weapon)
 k - a +1 whip of distortion
Armour
 b - a +0 scale mail (worn)
 c - a +0 buckler (worn)
Jewellery
 j - a ring of magical power
Scrolls
 e - a scroll of magic mapping {unknown}
 f - 3 scrolls of identify {unknown}
 l - a scroll of brand weapon {unknown}
Potions
 d - a potion of might
 g - 3 potions of degeneration {unknown}
 h - 2 potions of curing {unknown}
 i - a potion of heal wounds {unknown}
 m - a potion of flight {unknown}
 n - a potion of cancellation {unknown}


   Skills:
 + Level 3.9 Fighting
 + Level 3.0 Maces & Flails
 + Level 4.0 Armour
 + Level 3.5 Shields


You had 3 spell levels left.
You didn't know any spells.
Your spell library contained the following spells:

 Spells                   Type           Power      Damage    Failure   Level
 Hailstorm                Conj/Ice       0%         3d3       99%         3
 Ice Form                 Ice/Tmut       0%         N/A       100%        4
 Simulacrum               Ice/Necr       0%         N/A       100%        6


Dungeon Overview and Level Annotations

Branches:
Dungeon (2/15)

Altars:

Annotations:
D:2 Jessica


Innate Abilities, Weirdness & Mutations

You are immune to sickness and miasma.
Your stone body is resilient. (AC +3)
You are immune to poison.
You resist negative energy. (rN+)
You are resistant to electric shocks. (rElec)
You are resistant to unholy torment.
You are immune to petrification.


Message History

No target in view!
No target in view!
Found an escape hatch in the ceiling.
There is an escape hatch in the ceiling here.
Found a robe.
Found a stone staircase leading up.
No target in view!
You open the door.
There is an open door here.
Jessica the Apprentice Sorceress comes into view.
She is wielding a +0 club and wearing a +1 robe of resistance.
Jessica gestures wildly while chanting.
Jessica seems to speed up.
Jessica is nearby!
Jessica is nearby!
Found a robe.
Jessica drinks a potion.
Jessica flickers and vanishes!
Deactivating autopickup; reactivate with Ctrl-A.
No target in view!
No target in view!
You closely miss something.
You hear some strange, mumbled words.
You feel yourself slow down.
You hear some strange, mumbled words.
Pain shoots through your body!
You barely miss something. Something hits you but does no damage.
You block something's attack.
You hear some strange, mumbled words.
Something hits you but does no damage. Something hits you but does no damage.
Something hits you. x2
Something hits you.
You hit something.
You hear some strange, mumbled words.
Pain shoots through your body! Something hits you. Something hits you!
* * * LOW HITPOINT WARNING * * *
You hit something. Something hits you but does no damage. Something hits you.
* * * LOW HITPOINT WARNING * * *
Something hits you but does no damage.
You miss something. Something hits you but does no damage. Something hits you.
* * * LOW HITPOINT WARNING * * *
Something hits you.
You die...

#........#..#
##.........
#........#..#
##########..#
#..###.##
#...[.....
#.####.##.
#.# #{# #@#
#.# #.# #.#
#.# ... ###


There were no monsters in sight!

Vanquished Creatures
  2 adders (D:2)
  A worm (D:2)
  A dart slug (D:1)
  4 bats
  5 endoplasms
  A giant cockroach (D:2)
  4 goblins
  6 hobgoblins
  2 jackals (D:2)
  3 kobolds
  A quokka (D:2)
  4 ball pythons
  4 frilled lizards
  3 rats (D:1)
41 creatures vanquished.

Vanquished Creatures (others)
  4 toadstools (D:1)
4 creatures vanquished.

Grand Total: 45 creatures vanquished

Notes
Turn   | Place    | Note
-------+----------+-------------------------------------------
     0 | D:1      | karrick the Gargoyle Fighter began the quest for the Orb.
     0 | D:1      | Reached XP level 1. HP: 14/14 MP: 1/1
   135 | D:1      | Reached XP level 2. HP: 13/19 MP: 2/2
   440 | D:1      | Reached XP level 3. HP: 23/24 MP: 3/3
   869 | D:2      | Reached skill level 4 in Armour
   949 | D:2      | Reached XP level 4. HP: 29/29 MP: 4/4
  1134 | D:2      | Noticed Jessica
  1145 | D:2      | Slain by Jessica

Illustrated notes

Levels and vault maps discovered:
D:1:      ldierk_water_garden, layout_rooms, serial_glass, glass_columns_c,
          glass_columns_c, nicolae_concentric_dashed_squares_wild, minmay_vboxes
D:2:      layout_basic, uniq_jessica

Skill      XL: |  1  2  3 |
---------------+----------+-----
Armour         | 4 |  4.0
Maces & Flails | 3 |  3.0
Fighting       | |  3.9
Shields        | |  3.5

Action                   |  1- 3 |  4- 6 || total
-------------------------+-------+-------++-------
Melee: Flail             |   122 |    12 ||   134
Armor: Scale mail        |    63 |    10 ||    73
Dodge: Dodged            |    53 |     5 ||    58
Block: Buckler           |    15 |     5 ||    20

Table legend: (Time is in decaauts)
 A = Elapsed time spent in this place.
 B = Non-inter-level travel time spent in this place.
 C = Inter-level travel time spent in this place.
 D = Time resting spent in this place.
 E = Time spent auto-exploring this place.
 F = Levels seen in this place.
 G = Mean time per level.
                   A        B        C        D        E       F      G
               +--------+--------+--------+--------+--------+-----+--------+
         Total |   1194 |   1192 |      2 |      0 |    884 |   2 |  597.0 |
       Dungeon |   1194 |   1192 |      2 |      0 |    884 |   2 |  597.0 |
               +--------+--------+--------+--------+--------+-----+--------+

Top non-repeatable levels by time:
     D:1: 623 daAuts
     D:2: 570 daAuts
